 Dungeon Crawl Stone Soup version 0.21.1-1-g345015f (webtiles) character file.

28 joklet the Conjurer (level 2, -2/15 HPs)
             Began as a Deep Elf Conjurer on Mar 15, 2018.
             Slain by Terence
             ... wielding a +0 mace
              (7 damage)
             ... on level 2 of the Dungeon.
             The game lasted 00:02:00 (595 turns).

joklet the Conjurer (Deep Elf Conjurer)              Turns: 595, Time: 00:02:00

Health: -2/15      AC:  2    Str:  5    XL:     2   Next: 96%
Magic:  0/9        EV: 13    Int: 19    God:
Gold:   57         SH:  0    Dex: 15    Spells: 6/9 levels left

rFire    . . .     SeeInvis .   l - +0 hand axe (chop)
rCold    . . .     Gourm    .   (no shield)
rNeg     . . .     Faith    .   a - +0 robe
rPois    .         Spirit   .   (no helmet)
rElec    .         Reflect  .   (no cloak)
rCorr    .         Harm     .   (no gloves)
MR       .....                  (no boots)
Stlth    ++........             (no amulet)
HPRegen  0.05/turn              (no ring)
MPRegen  0.11/turn              (no ring)

@: no status effects
A: no striking features
a: no special abilities


You were on level 2 of the Dungeon.
You were not hungry.

You visited 1 branch of the dungeon, and saw 2 of its levels.

You collected 57 gold pieces.

Inventory:

Hand Weapons
 h - a +0 dagger
 l - a +0 hand axe of chopping (weapon)
Armour
 a - a +0 robe (worn)
Scrolls
 d - 2 scrolls of random uselessness {unknown}
 g - a scroll of blinking {unknown}
 i - a scroll of amnesia {unknown}
 j - a scroll of identify {unknown}
Potions
 e - 2 potions of heal wounds {unknown}
 f - a potion of might {unknown}
 k - a potion of mutation {unknown}
Books
 b - a book of Conjurations

   Spells                             Type                      Level
   a - Magic Dart                     Conjuration                  1
   b - Searing Ray                    Conjuration                  2
   c - Dazzling Spray                 Conjuration/Hexes            3
   d - Fulminant Prism                Conjuration/Hexes            4
   e - Force Lance                    Conjuration/Translocation    4
   f - Iskenderun's Mystic Blast      Conjuration                  4
Comestibles
 c - 3 rations


   Skills:
 - Level 2.4 Dodging
 - Level 2.4 Stealth
 * Level 4.3 Spellcasting
 + Level 4.7 Conjurations


You had 6 spell levels left.
You knew the following spells:

 Your Spells              Type           Power        Failure   Level  Hunger
a - Magic Dart            Conj           ###.         1%          1    None
b - Searing Ray           Conj           ###...       2%          2    #......


Dungeon Overview and Level Annotations

Branches:
Dungeon (2/15)

Altars:

Annotations:
D:2 Terence


Message History

Terence the Incautious comes into view.
He is wielding a mace.
Terence shouts!
A bat comes into view.
Terence drinks a potion.
Terence seems to speed up.
Casting: Magic Dart
Confirm with . or Enter, or press ? or * to list all spells.
Aiming: Searing Ray
Press: ? - help, Shift-Dir - straight line, f - Terence
Aim: Terence, wielding a mace and wearing a scale mail (fast)
The searing ray hits Terence.
Terence is lightly wounded. (Press . to maintain the ray.)
The searing ray misses Terence.
The searing ray hits the bat.
The bat is heavily wounded.
Terence hits you with a mace.
Terence says, "Time to say good-bye..."
Terence hits you with a mace.
Without enough magic to sustain it, your searing ray dissipates.
Terence hits you with a mace!
You die...

.##.# #.# ...# #......#
#.# #..# #......#####.#
##..# .........##.#
##...##
##.....##.##.####.....#
........).....†.......#
.##..##......###..(...#
.##..##..##### #......#
.##..##..## #@.....#
.)...##...# #@#.####
.##..###..######b#.#
.##............<...#
.###.###..######.### <#
#.# #..# #.# .# #.#
#..# #.# .# #.# #..#
#.# .# #.# .... ..#


You could see Terence and a bat.

Vanquished Creatures
  A dart slug (D:1)
  5 giant cockroaches (D:1)
  2 hobgoblins (D:1)
  4 kobolds
  A quokka (D:2)
  2 ball pythons
  5 bats
  A frilled lizard (D:2)
  3 rats (D:1)
24 creatures vanquished.

Notes
Turn   | Place    | Note
-------+----------+-------------------------------------------
     0 | D:1      | joklet the Deep Elf Conjurer began the quest for the Orb.
     0 | D:1      | Reached XP level 1. HP: 10/10 MP: 6/6
   177 | D:1      | Reached XP level 2. HP: 15/15 MP: 1/8
   236 | D:1      | Learned a level 2 spell: Searing Ray
   586 | D:2      | Noticed Terence
   595 | D:2      | Slain by Terence

Skill      XL: |  1  2 |
---------------+-------+-----
Spellcasting   | 4 |  4.3
Dodging        | |  2.4
Stealth        | |  2.4
Conjurations   | |  4.7

Action                   || total
-------------------------++-------
Melee: Dagger            ||     3
 Cast: Magic Dart        ||    42
       Searing Ray       ||     1
Dodge: Dodged            ||     4
